 Dungeon Crawl Stone Soup version 0.31-a0-325-g067879e3d3 (webtiles) character file.

Game seed: 233123512282524006

246 cforsyth the Changeling (level 5, -2/41 HPs)
             Began as a Vampire Shapeshifter on July 19, 2023.
             Slain by a gnoll
             ... wielding a +0 flail of protection
              (6 damage)
             ... on level 3 of the Dungeon.
             The game lasted 00:03:16 (2367 turns).

cforsyth the Changeling (Vampire Shapeshifter)      Turns: 2367, Time: 00:03:16

Health: -2/41      AC:  3    Str: 16    XL:     5   Next: 84%
Magic:  5/5        EV: 12    Int: 16    God:
Gold:   1261       SH:  0    Dex: 15    Spells: 4/4 levels left

rFire   + .          .
                       - Unarmed
rCold   . . .        (no shield)
rNeg    . . .        a - +1 animal skin
rPois   .            (helmet currently unavailable)
rElec   .            (cloak currently unavailable)
rCorr   .            (gloves currently unavailable)
SInv    +            (boots currently unavailable)
Will    .....        (no amulet)
Stlth   +            n - ring of protection from fire
HPRegen 0.46/turn    f - +6 ring of intelligence
MPRegen 0.09/turn

%: no passive effects
@: beast-form, healing quickly
A: beast (slay +3), alive, fangs 3, see invisible, vampiric 2
a: Exsanguinate, Begin Untransformation


You were on level 3 of the Dungeon.
You were a hulking beast.
You visited 1 branch of the dungeon, and saw 4 of its levels.
You also visited: Sewer.

You collected 1261 gold pieces.

Inventory:

Armour
 a - a +1 animal skin (worn)
Jewellery
 f - a +6 ring of intelligence (right hand)
 n - a ring of protection from fire (left hand)
Talismans
 c - a beast talisman
Scrolls
 h - a scroll of amnesia {unknown}
 i - a scroll of vulnerability
 l - 2 scrolls of fog
 q - 2 scrolls of identify
Potions
 b - a potion of berserk rage
 d - 3 potions of curing {unknown}
 e - a potion of heal wounds {unknown}
 g - a potion of enlightenment {unknown}
 j - 2 potions of haste {unknown}
 k - a potion of resistance {unknown}
 m - a potion of mutation {unknown}
 o - a potion of ambrosia {unknown}
 p - a potion of degeneration {unknown}


   Skills:
 + Level 3.5 Fighting
 - Level 2.1 Dodging
 + Level 4.2 Unarmed Combat
 + Level 4.5 Shapeshifting


You had 4 spell levels left.
You didn't know any spells.
Your spell library contained the following spells:

 Spells                   Type           Power      Damage    Failure   Level
 Ensorcelled Hibernation  Hex/Ice        0%         N/A       36%         2
 Anguish                  Hex/Necr       0%         N/A       94%         4


Dungeon Overview and Level Annotations

Branches:
Dungeon (4/15)              Sewer (visited)
 Temple: D:4-7

Altars:

Shops:
D:1 *


Innate Abilities, Weirdness & Mutations

You are a hulking beast.
Your limbs bulge with bestial killing power. (Slay +3)
Your natural rate of healing is accelerated.
You have razor-sharp teeth.
You have supernaturally acute eyesight. (SInv)
You are afflicted with vampirism and can become a bat while bloodless.


Message History

Where to? (Enter - D:3, ? - help)
Okay, then.
A gnoll comes into view.
It is wielding a +0 flail of protection.
The gnoll hits you with a +0 whip.
The gnoll hits you from afar with a +0 spear.
You closely miss the gnoll. You bite the gnoll.
The gnoll is moderately wounded.
The gnoll hits you with a +0 whip. The gnoll completely misses you.
You punch the gnoll!
You kill the gnoll!
The gnoll hits you from afar with a +0 spear!
You are too injured to fight recklessly!
You are too injured to fight recklessly!
You are too injured to fight recklessly!
You are too injured to fight recklessly!
You are too injured to fight recklessly!
You are too injured to fight recklessly!
You are too injured to fight recklessly!
You are too injured to fight recklessly!
You are too injured to fight recklessly!
You are too injured to fight recklessly!
You are too injured to fight recklessly!
You hit the gnoll but do no damage. The gnoll barely misses you.
The gnoll hits you with a +0 flail of protection!
You hit the gnoll.
The gnoll is lightly wounded.
The gnoll hits you from afar with a +0 spear!
* * * LOW HITPOINT WARNING * * *
The gnoll misses you.
You barely miss the gnoll.
The gnoll is lightly wounded.
The gnoll hits you from afar with a +0 spear.
* * * LOW HITPOINT WARNING * * *
The gnoll closely misses you.
Unknown command.
You hit the gnoll.
The gnoll is moderately wounded.
The gnoll closely misses you.
The gnoll hits you with a +0 flail of protection.
You die...

##.....##
###.#
##...##
##.## ##'##
##...## #.#
#.#.#.#
#.######
##...##
####......#
##.##
......###.#
#.#
##.....#
#.#
###...##
#h#
.......#
#g#
###........
.g#
....#######
#### #####


You could see 2 gnolls.

Vanquished Creatures
  Pargi (Sewer)
  An iguana (D:4)
  5 gnolls
  2 adders (D:2)
  A worm (D:2)
  A dart slug (D:3)
  3 ball pythons
  10 bats
  3 endoplasms
  7 giant cockroaches
  5 goblins
  3 hobgoblins
  2 jackals (D:1)
  2 quokkas (D:1)
  4 frilled lizards
  6 kobolds
  A rat (D:2)
57 creatures vanquished.

Notes
Turn   | Place    | Note
-------+----------+-------------------------------------------
     0 | D:1      | cforsyth the Vampire Shapeshifter began the quest for the
                  | Orb.
     0 | D:1      | Reached XP level 1. HP: 16/16 MP: 1/1
   207 | D:1      | Found Vaigucoc's General Store.
   217 | D:1      | Reached XP level 2. HP: 16/22 MP: 2/2
   355 | D:1      | Found a faded altar of an unknown god.
   980 | D:2      | Gained mutation: You are afflicted with vampirism and can
                  | become a bat while bloodless. [Vampire growth]
   980 | D:2      | Reached XP level 3. HP: 28/28 MP: 3/3
  1299 | D:3      | Identified a scroll of acquirement
  1299 | D:3      | Acquired 1000 gold pieces
  1316 | D:3      | Found a glowing drain.
  1340 | Sewer    | Entered a sewer
  1367 | Sewer    | Reached XP level 4. HP: 34/34 MP: 4/4
  1368 | Sewer    | Noticed Pargi
  1387 | Sewer    | Killed Pargi
  1388 | Sewer    | Reached XP level 5. HP: 41/41 MP: 5/5
  2367 | D:3      | Slain by a gnoll

Illustrated notes

Levels and vault maps discovered:
D:1:      dpeg_arrival_rooms_b, layout_basic, serial_shops, shop,
          dreamdust_ecumenical_altar_angels_and_demons
D:2:      layout_rooms
D:3:      layout_loops_corners, cheibrodos_sewer_entry_drain, chequers_jeans,
          chequers_serial_rivers_micro_c, minmay_misc_feat_diagonals,
          grunt_ministairs_10, minivault_25, nicolae_kite_square_tiling_tiny
D:4:      minmay_skewed_foursquare, layout_basic, kennysheep_orc_sif_temple,
          mainiacjoe_overflow_paths, dancing_weapons_uskayaw,
          trog_hazing_becter, nicolae_hexahallways, minmay_manual_monolith

Skill      XL: |  1  2  3  4  5 |
---------------+----------------+-----
Fighting       | 2 3 |  3.5
Unarmed Combat | 3 4 |  4.2
Shapeshifting  | 4 |  4.5
Dodging        | |  2.1

Action                     |  1- 3 |  4- 6 || total
---------------------------+-------+-------++-------
  Melee: Unarmed           |   101 |    61 ||   162
         Bite              |    14 |     2 ||    16
         Punch             |     2 |     2 ||     4
    Use: Scroll            |     6 |       ||     6
         Potion            |       |     1 ||     1
   Stab: Sleeping          |       |     1 ||     1
 Armour: Animal skin       |    27 |    10 ||    37
         Skin              |       |    29 ||    29
  Dodge: Dodged            |    71 |    45 ||   116

Table legend: (Time is in decaauts)
 A = Elapsed time spent in this place.
 B = Non-inter-level travel time spent in this place.
 C = Inter-level travel time spent in this place.
 D = Time resting spent in this place.
 E = Time spent auto-exploring this place.
 F = Levels seen in this place.
 G = Mean time per level.
                   A        B        C        D        E       F      G
               +--------+--------+--------+--------+--------+-----+--------+
         Total |   2360 |   2293 |     67 |    140 |   1707 |   5 |  472.0 |
       Dungeon |   2150 |   2083 |     67 |     20 |   1663 |   4 |  537.5 |
         Sewer |    209 |    209 |      0 |    120 |     44 |   1 |  209.0 |
               +--------+--------+--------+--------+--------+-----+--------+

Top non-repeatable levels by time:
     D:1: 870 daAuts
     D:3: 847 daAuts
     D:2: 401 daAuts
   Sewer: 209 daAuts
     D:4: 31 daAuts
